 Dungeon Crawl Stone Soup version 0.22.1-1-ga44c0e5 (webtiles) character file.

115 rabbit the Magician (level 5, -3/37 HPs)
             Began as a Gnoll Wizard on Oct 11, 2018.
             Killed from afar by Blork the orc (7 damage)
             ... with a magic dart
             ... on level 4 of the Dungeon.
             The game lasted 00:12:13 (3617 turns).

rabbit the Magician (Gnoll Wizard)                  Turns: 3617, Time: 00:12:15

Health: -3/37      AC:  3    Str: 10    XL:     5   Next: 0%
Magic:  6/23       EV: 13    Int: 21    God:
Gold:   118        SH:  0    Dex: 13    Spells: 7/18 levels left

rFire    . . .     SeeInvis .   g - +0 dagger
rCold    . . .     Gourm    .   (no shield)
rNeg     . . .     Faith    .   x - +0 leather armour of the Depths {MP+9} (curse)
rPois    .         Spirit   .   b - +0 hat
rElec    .         Reflect  .   (no cloak)
rCorr    .         Harm     .   (no gloves)
MR       .....                  (no boots)
Stlth    ++........             (no amulet)
HPRegen  0.12/turn              (no ring)
MPRegen  0.18/turn              (no ring)

@: no status effects
A: distributed training, fangs 1, strong nose
a: no special abilities


You were on level 4 of the Dungeon.
You were not hungry.

You visited 1 branch of the dungeon, and saw 4 of its levels.

You collected 118 gold pieces.

Inventory:

Hand Weapons
 g - a +0 dagger (weapon)
Missiles
 e - 53 bolts
 f - 125 stones (quivered)
 k - 109 arrows
 l - 7 needles of confusion
Armour
 a - a +0 robe
 b - a +0 hat (worn)
 x - the cursed +0 leather armour of the Depths (worn) {MP+9}
   (You found it on level 4 of the Dungeon)

   It affects your magic capacity (+9).
   It has a curse placed upon it.
Jewellery
 t - an uncursed ring of stealth {unknown}
Scrolls
 c - a scroll of immolation {unknown}
 h - 3 scrolls of remove curse
 j - a scroll of blinking {unknown}
 m - a scroll of enchant armour {unknown}
 o - 2 scrolls of identify {unknown}
 r - 4 scrolls of teleportation {unknown}
 u - a scroll of fog {unknown}
Potions
 i - a potion of agility {unknown}
 n - a potion of might {unknown}
 p - 2 potions of lignification {unknown}
 q - a potion of curing {unknown}
 s - a potion of heal wounds
 w - a potion of haste {unknown}
Comestibles
 d - 6 rations


   Skills:
 + Level 1.2 Fighting
 + Level 1.2 Short Blades
 + Level 1.2 Long Blades
 + Level 1.2 Axes
 + Level 1.2 Maces & Flails
 + Level 1.2 Polearms
 + Level 1.2 Staves
 + Level 1.2 Slings
 + Level 1.2 Bows
 + Level 1.2 Crossbows
 + Level 1.2 Throwing
 + Level 1.2 Armour
 + Level 4.7 Dodging
 + Level 4.3 Stealth
 + Level 1.2 Shields
 + Level 1.2 Unarmed Combat
 + Level 7.2 Spellcasting
 + Level 2.3 Conjurations
 + Level 1.0 Hexes
 + Level 1.0 Charms
 + Level 2.3 Summonings
 + Level 1.0 Necromancy
 + Level 2.3 Translocations
 + Level 1.0 Transmutations
 + Level 1.0 Fire Magic
 + Level 1.0 Ice Magic
 + Level 1.0 Air Magic
 + Level 1.0 Earth Magic
 + Level 1.0 Poison Magic
 + Level 1.4 Invocations
 + Level 1.2 Evocations


You had 7 spell levels left.
You knew the following spells:

 Your Spells              Type           Power        Failure   Level  Hunger
a - Magic Dart            Conj           ###.         4%          1    None
b - Call Imp              Summ           ###.....     7%          2    None
c - Blink                 Tloc           N/A          7%          2    None
d - Conjure Flame         Conj/Fire      ##......     17%         3    None
e - Mephitic Cloud        Conj/Pois/Air  ##......     19%         3    None

Your spell library contained the following spells:

 Spells                   Type           Power        Failure   Level  Hunger
 Slow                     Hex            ##......     11%         2    None


Dungeon Overview and Level Annotations

Branches:
Dungeon (4/15)
 Temple: D:4-7

Altars:

Annotations:
D:4 Blork the orc


Innate Abilities, Weirdness & Mutations

Your experience applies equally to all skills.
You have very sharp teeth.
Your uncanny sense of smell can sniff out nearby items.


Message History

Aim: Blork the orc, wielding a hand axe and wearing a robe (lightly wounded, You throw a stone.
The stone barely misses Blork the orc.
Your magical contamination has completely faded away.
Blork the orc gestures at you while chanting.
The puff of frost hits you!
You see here a frilled lizard corpse.
Okay, then.
Blork the orc points at you and mumbles some strange words.
The puff of frost hits you!
* * * LOW HITPOINT WARNING * * *
Blork the orc casts a spell.
Blork the orc flickers and vanishes!
Deactivating autopickup; reactivate with Ctrl-A.
A magic dart appears from out of thin air!
The magic dart hits you!
* * * LOW HITPOINT WARNING * * *
There is a stone staircase leading up here.
A magic dart appears from out of thin air!
The magic dart hits you!
You die...

..!........%.........#
####.# ..#.......#
########.####....#
..##.(...# #.........#.####
#.# #...# #.####.##.#.#
#.####.########.# #.##.#.#
..........{..##.####.##.#.#
.......#####.#...##..##.#.#
#.###### #...............#
#.# #...#.@##.###.#.# #.#
#..###....# #.#.# ..#
#...#.#######.#.# ###
#..#..........#.# #
#..#.##########.## #..#.#
####...###### #..#.#
#....รท....... #....#
#.##...#####. ##.#.. #
.......


There were no monsters in sight!

Vanquished Creatures
  3 adders
  An ooze (D:4)
  3 worms (D:3)
  3 dart slugs
  2 leopard geckos (D:1)
  2 orcs (D:3)
  8 bats
  5 giant cockroaches
  A goblin (D:1)
  2 hobgoblins
  2 quokkas (D:3)
  4 ball pythons
  6 frilled lizards
  5 kobolds (D:1)
  7 rats
54 creatures vanquished.

Vanquished Creatures (collateral kills)
  An adder (D:2)
  A worm (D:2)
  9 giant cockroaches (D:3)
  A rat (D:3)
12 creatures vanquished.

Grand Total: 66 creatures vanquished

Notes
Turn   | Place    | Note
-------+----------+-------------------------------------------
     0 | D:1      | rabbit the Gnoll Wizard began the quest for the Orb.
     0 | D:1      | Reached XP level 1. HP: 13/13 MP: 8/8
   113 | D:1      | Reached XP level 2. HP: 19/19 MP: 5/10
   117 | D:1      | Learned a level 2 spell: Call Imp
   120 | D:1      | Learned a level 2 spell: Blink
   570 | D:1      | Reached XP level 3. HP: 25/25 MP: 7/11
   964 | D:2      | Learned a level 3 spell: Conjure Flame
   968 | D:2      | Learned a level 3 spell: Mephitic Cloud
  1524 | D:2      | Reached skill level 1 in Invocations
  1974 | D:2      | Reached skill level 1 in Fighting
  1974 | D:2      | Reached skill level 1 in Short Blades
  1974 | D:2      | Reached skill level 1 in Long Blades
  1974 | D:2      | Reached skill level 1 in Axes
  1974 | D:2      | Reached skill level 1 in Maces & Flails
  1974 | D:2      | Reached skill level 1 in Polearms
  1974 | D:2      | Reached skill level 1 in Staves
  1974 | D:2      | Reached skill level 1 in Slings
  1974 | D:2      | Reached skill level 1 in Bows
  1974 | D:2      | Reached skill level 1 in Crossbows
  1974 | D:2      | Reached skill level 1 in Throwing
  1974 | D:2      | Reached skill level 1 in Armour
  1974 | D:2      | Reached skill level 1 in Shields
  1974 | D:2      | Reached skill level 1 in Unarmed Combat
  1974 | D:2      | Reached skill level 1 in Evocations
  2103 | D:3      | Reached XP level 4. HP: 32/32 MP: 13/13
  2613 | D:3      | Reached skill level 1 in Hexes
  2613 | D:3      | Reached skill level 1 in Charms
  2613 | D:3      | Reached skill level 1 in Necromancy
  2613 | D:3      | Reached skill level 1 in Transmutations
  2613 | D:3      | Reached skill level 1 in Fire Magic
  2613 | D:3      | Reached skill level 1 in Ice Magic
  2613 | D:3      | Reached skill level 1 in Air Magic
  2613 | D:3      | Reached skill level 1 in Earth Magic
  2613 | D:3      | Reached skill level 1 in Poison Magic
  3054 | D:4      | Noticed Blork the orc
  3390 | D:4      | Got a dazzling leather armour
  3401 | D:4      | Identified the cursed +0 leather armour of the Depths
                  | {MP+9} (You found it on level 4 of the Dungeon)
  3558 | D:4      | Reached XP level 5. HP: 36/37 MP: 14/14
  3617 | D:4      | Killed from afar by Blork the orc

Skill      XL: |  1  2  3  4 |
---------------+-------------+-----
Conjurations   | 2 |  2.3
Summonings     | 2 |  2.3
Translocations | 2 |  2.3
Invocations    | 1 |  1.4
Fighting       | 1 |  1.2
Short Blades   | 1 |  1.2
Long Blades    | 1 |  1.2
Axes           | 1 |  1.2
Maces & Flails | 1 |  1.2
Polearms       | 1 |  1.2
Staves         | 1 |  1.2
Slings         | 1 |  1.2
Bows           | 1 |  1.2
Crossbows      | 1 |  1.2
Throwing       | 1 |  1.2
Armour         | 1 |  1.2
Shields        | 1 |  1.2
Unarmed Combat | 1 |  1.2
Evocations     | 1 |  1.2
Hexes          | 1 |  1.0
Charms         | 1 |  1.0
Necromancy     | 1 |  1.0
Transmutations | 1 |  1.0
Fire Magic     | 1 |  1.0
Ice Magic      | 1 |  1.0
Air Magic      | 1 |  1.0
Earth Magic    | 1 |  1.0
Poison Magic   | 1 |  1.0
Dodging        | |  4.7
Stealth        | |  4.3
Spellcasting   | |  7.2

Action                   |  1- 3 |  4- 6 || total
-------------------------+-------+-------++-------
Melee: Dagger            |     2 |     8 ||    10
Throw: Stone             |       |     2 ||     2
 Cast: Magic Dart        |    63 |    68 ||   131
       Call Imp          |     3 |     3 ||     6
       Conjure Flame     |     1 |     4 ||     5
       Blink             |     1 |       ||     1
  Use: Scroll            |       |     1 ||     1
 Stab: Sleeping          |     2 |     5 ||     7
  Eat: Chunk             |     3 |     5 ||     8
Armor: Robe              |     2 |     5 ||     7
Dodge: Dodged            |    16 |    29 ||    45
